 Dungeon Crawl Stone Soup version 0.18-a0-946-g3ac5b32 (webtiles) character file.

16 filipzpl the Magician (level 2, -4/22 HPs)
             Began as a Naga Wizard on Dec 29, 2015.
             Slain by a gnoll
             ... wielding a +2 halberd of venom
              (16 damage)
             ... on level 1 of the Dungeon.
             The game lasted 00:03:25 (1078 turns).

filipzpl the Magician (Naga Wizard)                 Turns: 1078, Time: 00:03:25

Health: -4/22      AC:  2    Str:  9    XL:     2   Next: 54%
Magic:  1/6        EV:  9    Int: 18    God:
Gold:   26         SH:  0    Dex:  9    Spells: 1 memorised, 6 levels left

rFire  . . .     SeeInvis +     (no weapon)
rCold  . . .     Gourm    .     a - +0 robe
rNeg   + . .     Faith    .     (no shield)
rPois  +         Spirit   .     b - +0 hat
rElec  .         Dismiss  .     g - +0 cloak
rCorr  .         Reflect  .     (no gloves)
SustAt .         Harm     .     (no barding)
MR     .....                    (no amulet)
Stlth  ++........               (no ring)
                                f - ring of positive energy

@: very slow, not resistant to hostile enchantments, unstealthy
A: see invisible, deformed body, poison resistance, slowness 2, slow metabolism
1, spit poison 2, AC +0
a: Spit Poison


You were on level 1 of the Dungeon.
You were not hungry.

You visited 1 branch of the dungeon, and saw 1 of its levels.

You collected 26 gold pieces.

Inventory:

Armour
 a - a +0 robe (worn)
 b - a +0 hat (worn)
 g - a +0 cloak (worn)
Jewellery
 f - a ring of positive energy (left hand)
 j - an uncursed ring of see invisible {unknown}
Scrolls
 e - a scroll of identify {unknown}
 h - a scroll of magic mapping {unknown}
Potions
 i - 2 potions of heal wounds {unknown}
Books
 c - a book of Minor Magic

   Spells                             Type                      Level
   a - Magic Dart                     Conjuration                  1
   b - Blink                          Translocation                2
   c - Call Imp                       Summoning                    2
   d - Repel Missiles                 Charms/Air                   2
   e - Slow                           Hexes                        2
   f - Conjure Flame                  Conjuration/Fire             3
   g - Mephitic Cloud                 Conjuration/Poison/Air       3
Comestibles
 d - a bread ration


   Skills:
 - Level 1.5 Dodging
 - Level 3.0 Stealth
 * Level 3.4 Spellcasting
 + Level 1.6 Conjurations
   Level 1.0 Summonings
   Level 1.0 Translocations


You had 6 spell levels left.
You knew the following spells:

 Your Spells              Type           Power        Failure   Level  Hunger
a - Magic Dart            Conj           #...         12%         1    None


Dungeon Overview and Level Annotations

Branches:
Dungeon (1/15)

Altars:


Innate Abilities, Weirdness & Mutations

You cannot wear boots.
Your serpentine skin is tough (AC +0).
You have supernaturally acute eyesight.
Armour fits poorly on your strangely shaped body.
Your system is resistant to poisons.
You cover ground very slowly.
You have a slow metabolism.
You can spit poison.


Message History

The gnoll is heavily wounded.
Casting: Magic Dart
Confirm with . or Enter, or press ? or * to list all spells.
Aiming: Magic Dart
Press: ? - help, Shift-Dir - straight line, f/p - gnoll
Aim: a gnoll, wielding a halberd of venom (heavily wounded)
The magic dart hits the gnoll.
The gnoll is severely wounded.
Casting: Magic Dart
Confirm with . or Enter, or press ? or * to list all spells.
Aiming: Magic Dart
Press: ? - help, Shift-Dir - straight line, f/p - gnoll
Aim: a gnoll, wielding a halberd of venom (severely wounded)
The magic dart hits the gnoll.
The gnoll is severely wounded.
The gnoll hits you from afar with a halberd of venom!
Ouch! That really hurt!
The gnoll hits you from afar with a halberd of venom!
Ouch! That really hurt!
You die...

....##......>#......#...
......................###
...........###..#........
......................###
..........#####.....)....
.....###### #...###.# ..#..#
#.g.....# #.#..# #...##..#
#.#..# #.@###..####### #.#..#
#.............[ #.#..#
###...##..####### #.#..#
................# #.#..# #
##...##..#####.# #.#..#
#.##.......#####.# #.#..#
#................#
#.#..##########...##.........
#.#...............###########


You could see a gnoll.

Vanquished Creatures
  2 giant geckos (D:1)
  3 bats (D:1)
  A hobgoblin (D:1)
  2 kobolds (D:1)
  5 giant newts (D:1)
  2 goblins (D:1)
15 creatures vanquished.

Notes
Turn   | Place    | Note
--------------------------------------------------------------
     0 | D:1      | filipzpl the Naga Wizard began the quest for the Orb.
     0 | D:1      | Reached XP level 1. HP: 15/15 MP: 4/4
   327 | D:1      | Reached XP level 2. HP: 22/22 MP: 1/6
  1078 | D:1      | Slain by a gnoll

Vault maps used:
D:1:      co_arrival_square_in_a_square_in_a_square, minmay_lizard_king

Action                   || total
-------------------------++-------
 Cast: Magic Dart        ||    38
  Use: Scroll            ||     1
